 Dungeon Crawl Stone Soup version 0.27.1-1-g398f81649c (webtiles) character file.

Game seed: 13063465304953827884

6076 Mesmaeker13 the Summoner (level 10, -12/63 HPs)
             Began as a Barachi Summoner on Sept 13, 2021.
             Was a Follower of Ashenzari.
             Hit by a javelin thrown by Urug (18 damage)
             ... on level 10 of the Dungeon.
             The game lasted 00:28:25 (13637 turns).

Mesmaeker13 the Summoner (Barachi Summoner)        Turns: 13637, Time: 00:28:25

Health: -12/63     AC:  8    Str: 15    XL:     10   Next: 88%
Magic:  9/24       EV: 17    Int: 18    God:    Ashenzari [*.....]
Gold:   452        SH:  5    Dex: 16    Spells: 19/29 levels left

rFire    . . .     SeeInvis +   q - +8 mace of Xogaush {elec, Drain Str+4 Dex+4}
rCold    . . .     Faith    .   (no shield)
rNeg     . . .     Spirit   .   a - +0 robe
rPois    .         Reflect  +   f - +0 helmet
rElec    .         Harm     .   w - +2 cloak "Eternal Prison" {Cun, Self} (curse)
rCorr    .         Rampage  .   g - +0 pair of gloves of the Restrained Failure {Evo, Self} (curse)
Will     .....                  x - +0 pair of boots
Stlth    ++........             v - amulet of reflection
HPRegen  0.20/turn              j - ring of wizardry
MPRegen  0.19/turn              e - ring of see invisible

@: about to teleport, slow
A: amphibious, slowness 1, strong legs 1, +LOS
a: Hop, Renounce Religion, Curse Item, Shatter the Chains


You were on level 10 of the Dungeon.
You worshipped Ashenzari.
Ashenzari was aware of your devotion.
You visited 2 branches of the dungeon, and saw 11 of its levels.

You collected 452 gold pieces.

Inventory:

Hand Weapons
 q - the +8 mace of Xogaush (weapon) {elec, Drain Str+4 Dex+4}
   (You found it on level 4 of the Dungeon)

   It occasionally discharges a powerful burst of electricity upon striking a
   foe.
   Str:       It affects your strength (+4).
   Dex:       It affects your dexterity (+4).
   Drain:     It drains your maximum health when unequipped.
 s - a +3 spear of venom
Missiles
 d - 3 javelins
Armour
 a - a +0 robe (worn)
 f - a +0 helmet (worn)
 g - the cursed +0 pair of gloves of the Restrained Failure (worn) {Evo, Self}
   (You found it on level 2 of the Dungeon)

   It has a curse which improves the following skills: Evocations: Evocations.
   Introspection: Fighting and Spellcasting.
 h - +0 pearl dragon scales
 w - the cursed +2 cloak "Eternal Prison" (worn) {Cun, Self}
   (You found it on level 6 of the Dungeon)

   It has a curse which improves the following skills: Cunning: Dodging and
   Stealth.
   Introspection: Fighting and Spellcasting.
 x - a +0 pair of boots (worn)
Jewellery
 e - a ring of see invisible (right hand)
 j - a ring of wizardry (left hand)
 k - a +6 ring of intelligence
 v - an amulet of reflection (around neck)
 C - a ring of positive energy
Wands
 i - a wand of iceblast (6)
 y - a wand of acid (1)
 F - a wand of digging (8)
 H - a wand of charming (8)
Scrolls
 b - 2 scrolls of immolation
 c - 2 scrolls of enchant weapon
 l - 3 scrolls of fear
 m - a scroll of vulnerability
 o - a scroll of brand weapon
 r - a scroll of fog
 t - 2 scrolls of amnesia
 u - 3 scrolls of enchant armour
 G - a scroll of silence
Potions
 p - 2 potions of mutation
 z - 3 potions of curing
 A - 3 potions of flight
 B - a potion of ambrosia
 D - a potion of resistance
 E - a potion of heal wounds


   Skills:
 + Level 9.4(10.3) Dodging
 - Level 1.7(2.5) Stealth
 + Level 8.6(10.2) Spellcasting
 + Level 10.9 Summonings
 + Level 7.8 Air Magic


You had 19 spell levels left.
You knew the following spells:

 Your Spells              Type           Power      Damage    Failure   Level
a - Summon Small Mammal   Summ           100%       N/A       1%          1
b - Call Imp              Summ           48%        N/A       1%          2
c - Call Canine Familiar  Summ           48%        N/A       1%          3
d - Summon Lightning Spi  Summ/Air       43%        N/A       1%          4

Your spell library contained the following spells:

 Spells                   Type           Power      Damage    Failure   Level
 Poisonous Vapours        Pois/Air       46%        N/A       1%          2
 Static Discharge         Conj/Air       23%        N/A       1%          2
 Summon Guardian Golem    Hex/Summ       28%        N/A       1%          3
 Swiftness                Air            37%        N/A       1%          3
 Animate Skeleton         Necr           18%        N/A       3%          1
 Apportation              Tloc           18%        N/A       3%          1
 Corona                   Hex            10%        N/A       3%          1
 Sting                    Tmut/Pois      36%        1d4       3%          1
 Mephitic Cloud           Conj/Pois/Air  18%        N/A       3%          3
 Blink                    Tloc           N/A        N/A       4%          2
 Ensorcelled Hibernation  Hex/Ice        18%        N/A       4%          2
 Passwall                 Tmut/Erth      7%         N/A       4%          2
 Shadow Creatures         Summ           N/A        N/A       5%          6
 Ignite Poison            Fire/Tmut/Pois 9%         N/A       10%         3
 Lesser Beckoning         Tloc           4%         N/A       10%         3
 Spider Form              Tmut/Pois      4%         N/A       10%         3
 Dispel Undead            Necr           9%         3d8       30%         4
 Leda's Liquefaction      Hex/Erth       4%         N/A       30%         4
 Olgreb's Toxic Radiance  Pois           9%         N/A       30%         4
 Sticky Flame             Conj/Fire      9%         2d3       30%         4
 Bolt of Magma            Conj/Fire/Erth 4%         4d5       61%         5
 Manifold Assault         Tloc           9%         N/A       61%         5
 Invisibility             Hex            4%         N/A       99%         6
 Statue Form              Tmut/Erth      6%         N/A       99%         6


Dungeon Overview and Level Annotations

Branches:
Dungeon (10/15)            Temple (1/1) D:5            Lair (0/6) D:8
    Orc: D:9-12

Altars:
Ashenzari
Cheibriados
Dithmenos
Elyvilon
Fedhas
Gozag
Hepliaklqana
Kikubaaqudgha
Makhleb
Nemelex Xobeh
Okawaru
Qazlal
Ru
Sif Muna
Trog
Uskayaw
Vehumet
Wu Jian
Xom
Yredelemnul
Zin
The Shining One

Shops:
D:1 *   D:4 *

Annotations:
D:10 Urug


Innate Abilities, Weirdness & Mutations

You are amphibious.
You cover ground slowly.
You can hop short distances.
You have an extended range of vision and can be seen from far away.


Message History

Casting: Summon Lightning Spire (dangerous; 1% risk of failure)
Confirm with . or Enter, or press ? or * to list all spells.
Casting: Call Canine Familiar (safe; 1% risk of failure)
Confirm with . or Enter, or press ? or * to list all spells.
An electric hum fills the air.
Your lightning spire disappears in a puff of smoke!
Urug throws a javelin.
The javelin pierces through you!!
Your lightning spire shoots out a bolt of lightning at Urug!
The bolt of electricity hits Urug!
Unknown command.
Urug screams, "Payback for my eye!"
Okay, then.
Okay, then.
Your wolf completely misses Urug.
Your wolf bites Urug but does no damage.
Urug throws a javelin.
The javelin pierces through your wolf!!
Your wolf dies!
Your wolf's corpse disappears in a puff of smoke!
The javelin barely misses you.
Unknown command.
Urug throws a javelin.
The javelin closely misses you.
Okay, then.
Okay, then.
Unknown command.
Casting: Summon Lightning Spire (dangerous; 1% risk of failure)
Confirm with . or Enter, or press ? or * to list all spells.
An electric hum fills the air.
Urug throws a javelin.
The javelin pierces through you.
Unknown command.
Your lightning spire shoots out a bolt of lightning at Urug!
The bolt of electricity hits Urug!
Casting: Summon Lightning Spire (dangerous; 1% risk of failure)
Confirm with . or Enter, or press ? or * to list all spells.
Urug throws a javelin.
The javelin pierces through you!!
* * * LOW HITPOINT WARNING * * *
Unknown command.
As you read the scroll of teleportation, it crumbles to dust.
You feel strangely unstable.
Urug throws a javelin.
The javelin pierces through you!!
You die...

#..#.....#####.#.....# #.
#..#.###.....#.##....#
.#.(.#..#......#..#..#..#.#
.'...#..######....#'##....#
#.o.#.......#............#
###...####'####.........##.#
..............h............#
#.........o..#.............#
#......#8.#..)..@#.........#
#..#...#..#......#.........#
...............8...........#
############################


You could see Urug (ally target), a friendly wolf (summoned) and a friendly
lightning spire (summoned).

Vanquished Creatures
  2 centaur zombies
  An unseen horror (D:10)
  5 yaks
  A steam dragon (D:7)
  A water moccasin (D:6)
  An orc warrior (D:7)
  A sky beast (D:6)
  A black bear (D:7)
  A necrophage (D:4)
  A centaur (D:8)
  A phantom (D:6)
  2 bullfrogs
  A killer bee (D:9)
  A jelly (D:4)
  2 orc priests
  A bullfrog skeleton (D:6)
  Natasha (D:4)
  An orc wizard (D:2)
  An iguana (D:4)
  4 adders
  2 gnolls
  A shadow imp (D:6)
  A white imp (D:6)
  A nameless horror (D:6)
  An adder skeleton (D:4)
  2 worms
  A dart slug (D:4)
  8 orcs
  3 bats
  5 endoplasms
  7 goblins
  3 jackals
  A quokka (D:1)
  4 ball pythons
  4 frilled lizards
  3 kobolds
  A rat (D:2)
78 creatures vanquished.

Vanquished Creatures (collateral kills)
  2 two-headed ogres
  Maurice (D:10)
  An unseen horror (D:10)
  Prince Ribbit (D:7)
  11 yaks
  Eustachio (D:6)
  2 acid dragons (D:10)
  2 water moccasins
  A black bear (D:5)
  A necrophage (D:4)
  2 ogres
  3 centaurs
  Blork the orc (D:6)
  3 kobold brigands
  A scorpion (D:4)
  2 bullfrogs (D:7)
  2 gnoll sergeants
  A water moccasin zombie (D:7)
  4 killer bees (D:9)
  4 howler monkeys
  4 centaur zombies
  3 hounds
  A jelly (D:7)
  2 centaur skeletons
  2 orc priests
  2 gnoll shamans
  Ijyb (D:5)
  4 iguanas
  5 orc wizards
  Natasha (twice) (D:4)
  A hound skeleton (D:4)
  Robin (D:3)
  2 howler monkey zombies
  24 gnolls
  7 adders
  A shadow imp (D:8)
  An adder skeleton (D:4)
  2 dart slugs
  13 orcs
  A ball python (D:1)
  7 endoplasms
  7 goblins (D:3)
  5 hobgoblins (D:3)
  3 jackals
  4 bats
  3 frilled lizards
  A jackal skeleton (D:4)
  13 kobolds
  A rat (D:1)
169 creatures vanquished.

Vanquished Creatures (others)
  A sky beast (D:6)
  A kobold (D:10)
  14 plants (D:5)
16 creatures vanquished.

Grand Total: 263 creatures vanquished

Notes
Turn   | Place    | Note
-------+----------+-------------------------------------------
     0 | D:1      | Mesmaeker13 the Barachi Summoner began the quest for the
                  | Orb.
     0 | D:1      | Reached XP level 1. HP: 13/13 MP: 3/3
   163 | D:1      | Found Tuseir's General Store.
   230 | D:1      | Reached skill level 5 in Summonings
   302 | D:1      | Reached XP level 2. HP: 18/19 MP: 5/5
   719 | D:1      | Reached XP level 3. HP: 24/24 MP: 4/7
   850 | D:1      | Learned a level 2 spell: Call Imp
  1879 | D:2      | Learned a level 3 spell: Call Canine Familiar
  2179 | D:3      | Reached XP level 4. HP: 30/30 MP: 4/8
  2479 | D:3      | Noticed Robin
  2491 | D:3      | Killed Robin
  3149 | D:4      | Noticed a scorpion
  3165 | D:4      | Killed a scorpion
  3366 | D:4      | Noticed Natasha
  3377 | D:4      | Killed Natasha
  3378 | D:4      | Reached XP level 5. HP: 35/35 MP: 1/10
  3451 | D:4      | Found Rihiv's Lightly-Used Armoury.
  3596 | D:4      | Noticed a necrophage
  3614 | D:4      | Reached skill level 6 in Summonings
  3672 | D:4      | Killed a necrophage
  3673 | D:4      | Reached XP level 6. HP: 35/41 MP: 8/11
  4088 | D:4      | Found a burning altar of Makhleb.
  4089 | D:4      | Noticed a necrophage
  4101 | D:4      | Killed a necrophage
  4414 | D:5      | Entered Level 5 of the Dungeon
  4724 | D:5      | Noticed Ijyb
  4740 | D:5      | Killed Ijyb
  4741 | D:5      | Reached XP level 7. HP: 45/46 MP: 8/13
  4821 | D:5      | Learned a level 4 spell: Summon Lightning Spire
  4991 | D:5      | Noticed a yak
  4991 | D:5      | Noticed a yak
  4991 | D:5      | Noticed a yak
  5065 | D:4      | Noticed Natasha
  5071 | D:4      | Killed Natasha
  5075 | D:4      | Reached skill level 7 in Summonings
  5132 | D:4      | Noticed Natasha
  5139 | D:4      | Killed Natasha
  5140 | D:4      | Reached skill level 5 in Dodging
  5237 | D:4      | Identified the +8 mace of Xogaush {elec, Drain Str+4 Dex+4}
  5776 | D:2      | Reached skill level 1 in Air Magic
  6009 | D:2      | Found a faded altar of an unknown god.
  6593 | D:5      | Found a blossoming altar of Fedhas.
  6618 | D:5      | Found a staircase to the Ecumenical Temple.
  6771 | Temple   | Entered the Ecumenical Temple
  6973 | Temple   | Became a worshipper of Ashenzari the Shackled
  7080 | D:5      | Killed a yak
  7081 | D:5      | Reached skill level 5 in Spellcasting
  7332 | D:5      | Killed a yak
  7339 | D:5      | Killed a yak
  7340 | D:5      | Reached XP level 8. HP: 52/52 MP: 5/15
  7783 | D:5      | Found a shimmering altar of Xom.
  8237 | D:6      | Reached skill level 8 in Summonings
  8300 | D:6      | Noticed Eustachio
  8308 | D:6      | Killed Eustachio
  8401 | D:6      | Found an iron altar of Okawaru.
  8516 | D:6      | Found a shadowy altar of Dithmenos.
  8552 | D:6      | Noticed Blork the orc
  8557 | D:6      | Killed Blork the orc
  8649 | D:6      | Noticed a yak
  8933 | D:6      | Reached XP level 9. HP: 57/57 MP: 9/18
  9284 | D:7      | Noticed Prince Ribbit
  9295 | D:7      | Killed Prince Ribbit
  9476 | D:7      | Reached skill level 9 in Summonings
  9476 | D:7      | Reached skill level 5 in Air Magic
 10426 | D:8      | Found a staircase to the Lair.
 10833 | D:8      | Reached * piety under Ashenzari
 10874 | D:8      | Noticed a two-headed ogre
 10890 | D:8      | Killed a two-headed ogre
 10891 | D:8      | Reached skill level 10 in Summonings
 10891 | D:8      | Reached XP level 10. HP: 63/63 MP: 15/23
 11452 | D:9      | Noticed a two-headed ogre
 11463 | D:9      | Killed a two-headed ogre
 12439 | D:10     | Entered Level 10 of the Dungeon
 12439 | D:10     | Noticed an unseen horror
 12447 | D:10     | Killed an unseen horror
 12511 | D:10     | Noticed Maurice
 12528 | D:10     | Killed Maurice
 13211 | D:10     | Noticed an unseen horror
 13220 | D:10     | Killed an unseen horror
 13373 | D:10     | Found an ornate altar of the Wu Jian Council.
 13619 | D:10     | Noticed Urug
 13637 | D:10     | Hit by a javelin thrown by Urug

Illustrated notes

Levels and vault maps discovered:
D:1:      dpeg_arrival_rhombi, layout_rooms, serial_shops, shop, eino_curves_01
D:2:      layout_basic, ebering_ecumenical_altar_hall, minmay_misc_feat_alley,
          kennysheep_generic_room_3
D:3:      layout_basic, uniq_robin
D:4:      layout_cave_pods, makhleb_blood_cavern_becter, minmay_shop_damaged,
          chequers_arboretum, uniq_natasha
D:5:      layout_loops_cross, fedhas_ov_isle_minmay, lemuel_crystal_altar,
          minmay_temple_entry_stoned_glass, serial_bayou, serial_bayou_pond_c,
          serial_bayou_pond_e, serial_bayou_pond_c, serial_bayou_shore_a,
          uniq_ijyb
D:6:      cheibrodos_barr_body, layout_basic,
          mainiacjoe_overflow_small_starburst,
          nicolae_dithmenos_through_a_glass_darkly, uniq_blork_the_orc,
          uniq_eustachio
D:7:      layout_cave_pools, lightli_minifort, uniq_prince_ribbit1
D:8:      layout_basic, lair_entry_dummy, grunt_decor_cap
D:9:      layout_long_grid
D:10:     layout_stronghold, nicolae_wu_jian_immortal_techniques,
          hangedman_decor_push, uniq_maggie, uniq_urug, uniq_maurice
Temple:   regret_index_temple_sphere_string

Skill      XL: |  1  2  3  4  5  6  7  8  9 10 |
---------------+-------------------------------+-----
Summonings     | 5 6 7 8 10 | 10.9
Dodging        | 3 4 5 6 8 9 |  9.4
Spellcasting   | 3 4 5 6 7 8 |  8.6
Air Magic      | 2 4 6 7 |  7.8
Stealth        | |  1.7

Action                   |  1- 3 |  4- 6 |  7- 9 | 10-12 || total
-------------------------+-------+-------+-------+-------++-------
Melee: Hand axe          |    29 |       |       |       ||    29
       Dagger            |    37 |     2 |       |       ||    39
       Trident           |       |    54 |    14 |       ||    68
       Mace              |       |       |   102 |    48 ||   150
 Cast: Summon Small Mamm |    29 |       |     1 |       ||    30
       Call Imp          |    20 |    30 |     9 |     2 ||    61
       Call Canine Famil |     1 |    19 |    31 |    12 ||    63
       Summon Lightning  |       |       |    52 |    33 ||    85
Invok: Curse Item        |       |       |     2 |       ||     2
 Abil: Hop               |       |     1 |     4 |       ||     5
  Use: Scroll            |     1 |       |     5 |     1 ||     7
       Potion            |       |     3 |       |       ||     3
 Stab: Distracted        |       |     1 |     6 |       ||     7
       Sleeping          |       |       |     1 |       ||     1
Armor: Robe              |    32 |     9 |    35 |    19 ||    95
Dodge: Dodged            |   106 |    31 |    71 |    46 ||   254
Block: Other             |       |       |    11 |    16 ||    27
       Reflection        |       |       |     2 |     3 ||     5
